 Dungeon Crawl Stone Soup version 0.29.1-15-g9cfb28693d (webtiles) character file.

Game seed: 8945362463441640549

81 qeqeqeadadad the Grave Robber (level 4, -5/32 HPs)
             Began as a Mummy Necromancer on Apr 25, 2023.
             Was a Follower of Makhleb.
             Slain by Sigmund
             ... wielding a +2 vorpal scythe
              (6 damage)
             ... on level 3 of the Dungeon.
             The game lasted 00:34:26 (3362 turns).

qeqeqeadadad the Grave Robber (Mummy Necromancer)   Turns: 3362, Time: 00:34:27

Health: -5/32      AC:  8    Str: 13    XL:     4   Next: 20%
Magic:  8/8        EV:  6    Int: 14    God:    Makhleb [*.....]
Gold:   139        SH:  0    Dex: 12    Spells: 8/9 levels left

rFire   x . .      SeeInvis .   b - +0 mace
rCold   + . .      Faith    .   (no shield)
rNeg    + + +      Spirit   .   f - +0 chain mail
rPois   ∞          Reflect  .   (no helmet)
rElec   .          Harm     .   (no cloak)
rCorr   .          Rampage  .   (no gloves)
Will    .....                   (no boots)
Stlth   ..........              (no amulet)
HPRegen 0.10/turn               (no ring)
MPRegen 0.11/turn               (no ring)

@: confused
A: cold resistance 1, negative energy resistance 3, torment resistance 2, heat
vulnerability 1, in touch with death 1, no potions
a: Renounce Religion


You were on level 3 of the Dungeon.
You worshipped Makhleb.
Makhleb was aware of your devotion.
You visited 1 branch of the dungeon, and saw 3 of its levels.

You collected 139 gold pieces.

Inventory:

Hand Weapons
 b - a +0 mace (weapon)
 c - a +0 dagger
 d - a +0 club
 g - a +0 club
 j - a +0 club
 m - a +0 spear
 p - a +0 club
 q - a +0 short sword
 r - a +0 short sword
 s - a +0 dagger
 v - a +0 dagger
 w - a +0 short sword
 x - a +0 short sword
 y - a +0 dagger
 z - a +0 dagger
 A - a +0 dagger
 C - a +0 mace
 F - a +0 flail
Missiles
 h - 28 stones
 B - 11 poisoned darts
Armour
 a - a +0 robe
 f - a +0 chain mail (worn)
 o - a +0 robe
 u - a +0 pair of boots
 G - a +0 chain mail
 H - a +0 robe
Jewellery
 n - a +4 ring of protection
 D - a +6 ring of dexterity
Scrolls
 e - 3 scrolls of identify {unknown}
 k - 2 scrolls of teleportation {unknown}
 l - a scroll of butterflies {unknown}
 t - a scroll of fear {unknown}
 E - 3 scrolls of silence {unknown}
Potions
 i - a potion of flight {unknown}


   Skills:
 + Level 1.1 Fighting
 + Level 1.3 Maces & Flails
 + Level 1.1 Armour
 + Level 1.8 Dodging
 + Level 1.7 Stealth
 + Level 3.0 Spellcasting
 + Level 4.4 Necromancy


You had 8 spell levels left.
You knew the following spells:

 Your Spells              Type           Power      Damage    Failure   Level
a - Necrotise             Necr           84%        1d8       77%         1

Your spell library contained the following spells:

 Spells                   Type           Power      Damage    Failure   Level
 Vampiric Draining        Necr           21%        2d7       98%         3
 Apportation              Tloc           4%         N/A       100%        1
 Animate Dead             Necr           21%        N/A       100%        4
 Agony                    Necr           21%        N/A       100%        5
 Alistair's Intoxication  Tmut/Pois      1%         N/A       100%        5


Dungeon Overview and Level Annotations

Branches:
Dungeon (3/15)

Altars:
Makhleb

Annotations:
D:3 Sigmund


Innate Abilities, Weirdness & Mutations

You are immune to poison.
Your flesh is cold resistant. (rC+)
You are immune to negative energy. (rN+++)
You are immune to unholy pain and torment.
You are vulnerable to heat. (rF-)
You are in touch with the powers of death.
You do not drink.


Message History

Sigmund flickers and vanishes!
Deactivating autopickup; reactivate with Ctrl-A.
You barely miss the kobold. The kobold hits you but does no damage.
Something hits you but does no damage.
You sock the kobold!
You kill the kobold!
Makhleb accepts your kill. Something hits you but does no damage.
Things that are here:
a +0 dagger; 3 poisoned darts You hit something.
Something hits you.
You barely miss something.
You hear some strange, mumbled words.
You are confused.
You barely miss something. Something hits you but does no damage.
You bump into the rock wall.
Something hits you.
You hit something but do no damage.
You hear some strange, mumbled words.
Something tries to affect you, but you resist.
Something hits you!
You hear some strange, mumbled words.
You are more confused.
You bump into the rock wall.
Something hits you.
* * * LOW HITPOINT WARNING * * *
x2 You bump into the rock wall.
You bump into the rock wall.
Something hits you.
* * * LOW HITPOINT WARNING * * *
x2 Something hits you but does no damage.
You bump into the rock wall.
You hear some strange, mumbled words.
Something tries to affect you, but you resist.
You bump into the rock wall.
You feel less confused.
You hear some strange, mumbled words.
You are confused.
You barely miss something. Something hits you but does no damage.
You completely miss something. Something hits you.
* * * LOW HITPOINT WARNING * * *
x2 You bump into the rock wall.
Something hits you.
You die...

#.# .# #. #?# #.#
#. #.##.# #. #.#.#
## #####.##.)# #.#
.#...#....#.# #.#
#......##.##.#..
#......#.###.######
#..#....{@.......#
## #..#.########.#
#..#.# #.# #..#.#
#.# #####....#####
#.# ..........>...#
#.# .#.###....###.#
#.# ##.#.# #.# #.#
#.#.###.####.#


There were no monsters in sight!

Vanquished Creatures
  4 adders (D:2)
  2 dart slugs
  3 bats
  2 endoplasms
  2 giant cockroaches (D:1)
  3 goblins (D:1)
  4 hobgoblins
  5 jackals
  11 kobolds
  2 quokkas
  A rat (D:1)
39 creatures vanquished.

Vanquished Creatures (others)
  2 fungi (D:2)
  11 plants (D:2)
  10 toadstools (D:2)
  3 withered plants (D:3)
26 creatures vanquished.

Grand Total: 65 creatures vanquished

Notes
Turn   | Place    | Note
-------+----------+-------------------------------------------
     0 | D:1      | qeqeqeadadad the Mummy Necromancer began the quest for the
                  | Orb.
     0 | D:1      | Reached XP level 1. HP: 13/13 MP: 4/4
   594 | D:1      | Reached XP level 2. HP: 19/19 MP: 5/5
  1818 | D:2      | Found a faded altar of an unknown god.
  1862 | D:2      | Gained mutation: You are in touch with the powers of death.
                  | [Mummy growth]
  1862 | D:2      | Reached XP level 3. HP: 21/24 MP: 7/7
  1896 | D:2      | Reached skill level 1 in Maces & Flails
  2057 | D:2      | Reached skill level 1 in Armour
  2313 | D:2      | Prayed at the altar of an unknown god.
  2313 | D:2      | Became a worshipper of Makhleb the Destroyer
  2313 | D:2      | Reached * piety under Makhleb
  2482 | D:2      | Reached skill level 1 in Fighting
  2508 | D:2      | Reached XP level 4. HP: 23/32 MP: 8/8
  3334 | D:3      | Noticed Sigmund
  3361 | D:3      | HP: 1/32 [something (1)]
  3362 | D:3      | Slain by Sigmund

Illustrated notes

Levels and vault maps discovered:
D:1:      dpeg_arrival_concentric_ovals, layout_basic,
          chequers_serial_rivers_micro_d, minmay_statues_item
D:2:      cheibrodos_fertilizer, layout_basic,
          shapermc_ecumenical_altar_mp_ritualfount,
          chequers_serial_rivers_small_a, minmay_tree_intersection,
          minmay_misc_feat_hallway, lightli_corner_chamber
D:3:      layout_loops_ring, serial_undead, serial_undead_f, serial_undead_c,
          serial_undead_e, serial_undead_c, minmay_crystal_water,
          minmay_guardbox, uniq_crazy_yiuf_cottage, uniq_sigmund

Skill      XL: |  1  2  3 |
---------------+----------+-----
Spellcasting   | 3 |  3.0
Maces & Flails | 1 |  1.3
Armour         | 1 |  1.1
Fighting       | 1 |  1.1
Dodging        | |  1.8
Stealth        | |  1.7
Necromancy     | |  4.4

Action                   |  1- 3 |  4- 6 || total
-------------------------+-------+-------++-------
Melee: Mace              |   187 |    32 ||   219
       Unarmed           |    10 |       ||    10
       Punch             |     4 |       ||     4
Armor: Chain mail        |   154 |    32 ||   186
       Robe              |     1 |       ||     1
Dodge: Dodged            |    82 |     4 ||    86
